 Dungeon Crawl Stone Soup version 0.30.0 (webtiles) character file.

Game seed: 9072477819008844215

623 CyanChild the Ducker (level 7, -4/68 HPs)
             Began as a Troll Berserker on Dec 20, 2023.
             Was a Priest of Trog.
             Slain by a gargoyle
             ... wielding a +0 mace
              (18 damage)
             ... on level 7 of the Dungeon.
             The game lasted 00:20:24 (2463 turns).

CyanChild the Ducker (Troll Berserker)              Turns: 2463, Time: 00:20:24

Health: -4/68      AC:  4    Str: 28    XL:     7   Next: 22%
Magic:  6/6        EV:  9    Int:  3    God:    Trog [***...]
Gold:   245        SH:  0    Dex:  9    Spells: 6/6 levels left

rFire   . . .        f - +4 short sword (venom)
rCold   . . .        l - +0 kite shield
rNeg    . . .        a - +0 animal skin
rPois   .            (helmet restricted)
rElec   .            (no cloak)
rCorr   .            (gloves unavailable)
SInv    .            (boots unavailable)
Will    .....        (no amulet)
Stlth   +            (no ring)
HPRegen 1.11/turn    (no ring)
MPRegen 0.10/turn

%: no passive effects
@: confused, ambrosia-drunk, attractive
A: large, unfitting armour, claws 3, regeneration 1, shaggy fur 1, tough skin 1
a: Renounce Religion, Berserk, Trog's Hand


You were on level 7 of the Dungeon.
You worshipped Trog.
Trog was most pleased with you.
You visited 1 branch of the dungeon, and saw 7 of its levels.

You collected 245 gold pieces.

Inventory:

Hand Weapons
 f - a +4 short sword of venom (weapon)
Missiles
 g - 17 stones (quivered)
 k - 2 throwing nets
Armour
 a - a +0 animal skin (worn)
 l - a +0 kite shield (worn)
Wands
 p - a wand of charming (8)
Scrolls
 c - 2 scrolls of fog {unknown}
 d - 3 scrolls of enchant armour {unknown}
 e - 2 scrolls of noise {unknown}
 j - 3 scrolls of identify {unknown}
 m - a scroll of vulnerability {unknown}
 n - a scroll of enchant weapon {unknown}
 r - 3 scrolls of poison {unknown}
 s - a scroll of fear {unknown}
 t - a scroll of immolation {unknown}
 u - a scroll of teleportation {unknown}
Potions
 b - a potion of attraction
 h - a potion of brilliance {unknown}
 i - 2 potions of curing {unknown}
 q - a potion of haste {unknown}


   Skills:
 + Level 3.6 Fighting
 + Level 3.6 Short Blades
 + Level 4.0 Dodging
 + Level 0.7 Stealth
 + Level 1.9 Shields
 + Level 3.6 Unarmed Combat


You had 6 spell levels left.
You didn't know any spells.
Your spell library contained the following spells:

 Spells                   Type           Power      Damage    Failure   Level
 Lesser Beckoning         Tloc           0%         N/A       88%         2
 Gell's Gravitas          Tloc           0%         N/A       98%         3
 Summon Guardian Golem    Hex/Summ       0%         N/A       98%         3
 Teleport Other           Tloc           0%         N/A       98%         3
 Orb of Destruction       Conj           0%         9d5       100%        7
 Spellforged Servitor     Conj/Summ      0%         N/A       100%        7


Dungeon Overview and Level Annotations

Branches:
Dungeon (7/15)
 Temple: D:4-7

Altars:
Elyvilon
Okawaru
Uskayaw
Yredelemnul


Innate Abilities, Weirdness & Mutations

You are too large for most types of armour.
You have claws for hands.
Your natural rate of healing is unusually fast.
You are covered in fur. (AC +1)
You have tough skin. (AC +1)


Message History

The centaur hits you. The centaur kicks you.
You hit the centaur.
You kill the centaur!
Trog accepts your kill.
Your Dodging skill increases to level 4!
No target in view!
You now have 245 gold pieces (gained 33).
Things that are here:
a +0 shortbow; a centaur corpse; a bullfrog corpse A gargoyle comes into view.
It is wielding a +0 mace.
You see here 20 gold pieces.
The gargoyle hurls a stone arrow at you.
The stone arrow hits you!!
You hit the gargoyle but do no damage. The gargoyle barely misses you.
You hit the gargoyle but do no damage. The gargoyle hits you with a +0 mace!!
You are too injured to fight recklessly!
You are too injured to fight recklessly!
You are too injured to fight recklessly!
You are too injured to fight recklessly!
You are too injured to fight recklessly!
You are too injured to fight recklessly!
You are too injured to fight recklessly!
You hit the gargoyle.
The gargoyle is lightly damaged.
The gargoyle hits you with a +0 mace!
* * * LOW HITPOINT WARNING * * *
It was a potion of ambrosia.
You are confused.
You feel invigorated. The gargoyle hits you with a +0 mace!
* * * LOW HITPOINT WARNING * * *
The gargoyle attacks as you move away! The gargoyle barely misses you.
The gargoyle hurls a stone arrow at you.
The stone arrow misses you.
You're too confused to move!
The gargoyle attacks as you move away! The gargoyle hits you with a +0 mace!
* * * LOW HITPOINT WARNING * * *
It was a potion of attraction.
You feel attractive to monsters. The gargoyle hits you with a +0 mace!!
You die...

##..........#..#.#.#.#########.##
##.##.##.........#.#.# #.##
.#.##............#.#.# #.##
.#.##.#######....#.#.#### #.##
.#.#....................# #.#
.#.#..###...............#
......).................#
#.....###.###.#$........# #.###.#
#.# #.#.@9......# #.# #.# #.#
#........#### ... ..# #.#
###.##.### .## #.. ... ......# .
#.# #.# ###..... . #.# #.#
....### ..#. #..


You could see a gargoyle.

Vanquished Creatures
  A centaur (D:7)
  2 bullfrogs (D:7)
  3 scorpions
  2 howler monkeys (D:7)
  Natasha (D:2)
  An orc wizard (D:6)
  An adder (D:3)
  A shadow imp (D:3)
  An ufetubus (D:6)
  2 worms (D:2)
  2 dart slugs
  2 orcs
  4 ball pythons
  10 endoplasms
  4 giant cockroaches
  7 goblins
  10 hobgoblins
  5 jackals
  4 quokkas
  3 bats (D:2)
  2 frilled lizards
  7 kobolds
  9 rats
84 creatures vanquished.

Vanquished Creatures (others)
  A fungus (D:2)
  30 plants (D:3)
31 creatures vanquished.

Grand Total: 115 creatures vanquished

Notes
Turn   | Place    | Note
-------+----------+-------------------------------------------
     0 | D:1      | CyanChild the Troll Berserker began the quest for the Orb.
     0 | D:1      | Reached XP level 1. HP: 22/22 MP: 0/0
   402 | D:1      | Reached XP level 2. HP: 25/29 MP: 1/1
   715 | D:1      | Reached ** piety under Trog
   792 | D:1      | Reached XP level 3. HP: 36/36 MP: 2/2
   944 | D:2      | Noticed Natasha
   952 | D:2      | Killed Natasha
   953 | D:2      | Reached skill level 1 in Short Blades
  1000 | D:2      | Reached XP level 4. HP: 33/44 MP: 3/3
  1227 | D:3      | Found a white marble altar of Elyvilon.
  1254 | D:3      | Reached skill level 3 in Dodging
  1605 | D:3      | Reached *** piety under Trog
  1635 | D:3      | Found a basalt altar of Yredelemnul.
  1791 | D:4      | Found a hide-covered altar of Uskayaw.
  1857 | D:4      | Noticed a scorpion
  1867 | D:4      | Killed a scorpion
  1868 | D:4      | Reached XP level 5. HP: 48/53 MP: 4/4
  1872 | D:4      | Found an iron altar of Okawaru.
  1996 | D:5      | Entered Level 5 of the Dungeon
  2020 | D:5      | Reached XP level 6. HP: 61/61 MP: 5/5
  2147 | D:7      | Reached skill level 1 in Shields
  2423 | D:7      | Reached XP level 7. HP: 66/67 MP: 6/6
  2431 | D:7      | Reached skill level 4 in Dodging
  2452 | D:7      | Noticed a gargoyle
  2463 | D:7      | Slain by a gargoyle

Illustrated notes

Levels and vault maps discovered:
D:1:      onia_arrival_mini_spirals, layout_basic
D:2:      layout_rooms, uniq_natasha, uniq_crazy_yiuf_cottage
D:3:      layout_basic, yredelemnul_altar_generic,
          mainiacjoe_overflow_cross_hatched, serial_park_tiny_1
D:4:      layout_basic, mainiacjoe_overflow_boulevard, okawaru_gym_becter,
          minmay_temple_entry_gardened_gates, minmay_bisected
D:5:      kennysheep_six_static_rooms, layout_cave_pools,
          cheibrodos_sewer_entry_bend, serial_shops, shop
D:6:      cheibrodos_barr_body, layout_rooms, mainiacjoe_overflow_alcove_2
D:7:      layout_basic

Skill      XL: |  1  2  3  4  5  6  7 |
---------------+----------------------+-----
Short Blades   | 1 2 3 |  3.6
Fighting       | 3 |  3.6
Dodging        | 3 4 |  4.0
Shields        | 1 |  1.9
Stealth        | |  0.7
Unarmed Combat | |  3.6

Action                     |  1- 3 |  4- 6 |  7- 9 || total
---------------------------+-------+-------+-------++-------
  Melee: Short sword       |    97 |   193 |    11 ||   301
         Unarmed           |     3 |       |       ||     3
         Punch             |     2 |     1 |       ||     3
    Use: Potion            |       |       |     2 ||     2
 Armour: Animal skin       |    25 |    39 |     9 ||    73
  Dodge: Dodged            |    48 |    60 |     5 ||   113
  Block: Kite shield       |       |    37 |     1 ||    38
